 Dungeon Crawl Stone Soup version 0.29-a0-414-g5075937ec3 (webtiles) character file.

Game seed: 3167071556018443113

191 trckry the Vandal (level 5, -2/41 HPs)
             Began as a Demonspawn Wanderer on May 15, 2022.
             Was a Priest of Jiyva.
             Slain by a gnoll
             ... wielding a +0 whip
             ... led by a gnoll sergeant
              (5 damage)
             ... on level 6 of the Dungeon.
             The game lasted 00:07:06 (1735 turns).

trckry the Vandal (Demonspawn Wanderer)             Turns: 1735, Time: 00:07:06

Health: -2/41      AC:  6    Str: 10    XL:     5   Next: 42%
Magic:  9/9        EV: 11    Int: 17    God:    Jiyva [***...]
Gold:   77         SH:  0    Dex: 13    Spells: 9/10 levels left

rFire   . . .      SeeInvis .   a - +1 hunting sling
rCold   . . .      Faith    .   (no shield)
rNeg    . . .      Spirit   .   c - +0 robe
rPois   .          Reflect  .   (no helmet)
rElec   .          Harm     .   (no cloak)
rCorr   +          Rampage  .   (no gloves)
Will    .....                   (no boots)
Stlth   +.........              (no amulet)
HPRegen 1.25/turn               g - +4 ring of slaying
MPRegen 0.46/turn               k - +4 ring of protection

@: lethally poisoned (-2 -> -3)
A: ignite blood 1, weakness stinger 1
a: Renounce Religion, Oozemancy


You were on level 6 of the Dungeon.
You worshipped Jiyva.
Jiyva was most pleased with you.
You visited 1 branch of the dungeon, and saw 4 of its levels.

You collected 77 gold pieces.

Inventory:

Hand Weapons
 a - a +1 hunting sling (weapon)
 b - a +0 hand axe
Missiles
 e - 3 poisoned darts
 i - 2 silver javelins
Armour
 c - a +0 robe (worn)
Jewellery
 g - a +4 ring of slaying (left hand)
 k - a +4 ring of protection (right hand)
 r - a +4 ring of protection
Wands
 p - a wand of flame (8)
Scrolls
 l - a scroll of amnesia {unknown}
 m - a scroll of immolation {unknown}
 n - a scroll of fog {unknown}
 o - 2 scrolls of identify {unknown}
 q - 4 scrolls of teleportation {unknown}
 s - a scroll of torment {unknown}
Potions
 d - a potion of berserk rage
 f - a potion of attraction {unknown}
 h - 3 potions of lignification {unknown}
 j - a potion of curing {unknown}


   Skills:
 + Level 3.1 Fighting
 + Level 4.3 Slings
 + Level 3.0 Spellcasting
 * Level 3.5 Summonings


You had 9 spell levels left.
You knew the following spells:

 Your Spells              Type           Power      Damage    Failure   Level
a - Summon Small Mammal   Summ           56%        N/A       4%          1

Your spell library contained the following spells:

 Spells                   Type           Power      Damage    Failure   Level
 Call Imp                 Summ           14%        N/A       6%          2
 Animate Skeleton         Necr           4%         N/A       17%         1
 Magic Dart               Conj           8%         1d3       17%         1
 Pain                     Necr           8%         1d4       17%         1
 Searing Ray              Conj           4%         2d4       26%         2
 Sublimation of Blood     Necr           2%         N/A       26%         2
 Wereblood                Tmut           2%         N/A       26%         2
 Summon Guardian Golem    Hex/Summ       8%         N/A       26%         3
 Confusing Touch          Hex            2%         N/A       45%         3
 Vampiric Draining        Necr           2%         2d6       45%         3
 Fulminant Prism          Conj/Hex       1%         3d6       86%         4
 Yara's Violent Unravell  Hex/Tmut       1%         3d3       99%         5
 Enfeeble                 Hex            1%         N/A       100%        7
 Summon Hydra             Summ           7%         N/A       100%        7


Dungeon Overview and Level Annotations

Branches:
Dungeon (3/15)

Altars:
Jiyva

Shops:
D:2 **


Innate Abilities, Weirdness & Mutations

Your demonic aura sometimes causes spilled blood to erupt in flames.
You have a small tail.


Message History

You take 1 damage, and have 28/41 hp.
You feel sick.
You feel sick.
You feel sick.
You feel sick.
You feel sick.
You feel sick.
You are no longer poisoned.
You hear a distant slurping noise.
You regained 2 hp, and now have 36/41 hp.
You hear a distant slurping noise.
The gnoll sergeant misses you.
Health restored: 41 You hear a distant slurping noise.
Jiyva will now mutate your body as you gain piety.
You can now call acidic ooze from nearby walls.
You swap places.
The gnoll sergeant hits you from afar with a +4 spear of venom!
You are poisoned.
You take 8 damage, and have 33/41 hp.
You feel very sick.
The gnoll sergeant hits you from afar with a +4 spear of venom!
You are more poisoned.
The gnoll hits you with a +0 spear.
You take 12 damage, and have 21/41 hp.
MASSIVE DAMAGE!!
You feel very sick.
You take 4 damage, and have 17/41 hp.
You swap places.
You feel very sick. The gnoll hits you with a +0 whip!
* * * LOW HITPOINT WARNING * * *
You take 10 damage, and have 7/41 hp.
MASSIVE DAMAGE!!
* * * LOW HITPOINT WARNING * * *
You feel very sick.
You take 2 damage, and have 5/41 hp.
* * * LOW HITPOINT WARNING * * *
You feel very sick.
You take 2 damage, and have 3/41 hp.
The gnoll attacks as you move away! The gnoll hits you with a +0 whip.
You die...

#.. #.. ...## #..##
#...#######
#........######
#.............#####...
##
#.....................
..#####.
#..####.......@##
.....).. ###..#
#.......g.### #......
#....# #..........J##
######g ....g#
##......g.g..## #)
#....##
#............### #)
####..##
#..............## #.
##..# ##..............#
####. ###.##
#..............# ##....
#....####.............#
#.....


You could see a gnoll sergeant, 2 gnolls and a neutral jelly (wandering) (fellow
slime).

Vanquished Creatures
  An orc wizard (D:3)
  2 gnolls (D:6)
  7 adders
  2 dart slugs (D:1)
  9 orcs (D:3)
  3 endoplasms (D:1)
  3 giant cockroaches
  6 goblins (D:1)
  6 hobgoblins
  3 jackals (D:2)
  2 quokkas (D:2)
  3 ball pythons
  6 bats
  3 frilled lizards
  10 kobolds
  6 rats
72 creatures vanquished.

Vanquished Creatures (others)
  A necrophage (D:6)
  A goblin (D:2)
  4 plants (D:1)
6 creatures vanquished.

Grand Total: 78 creatures vanquished

Notes
Turn   | Place    | Note
-------+----------+-------------------------------------------
     0 | D:1      | trckry the Demonspawn Wanderer began the quest for the Orb.
     0 | D:1      | trckry set off with the following items: a +1 hunting
                  | sling, a potion of berserk rage, a +0 robe; and the
                  | following spell memorised: Summon Small Mammal; and the
                  | following spells available to memorise: Call Imp, Summon
                  | Guardian Golem
     0 | D:1      | Reached XP level 1. HP: 16/16 MP: 3/3
   201 | D:1      | Gained mutation: You have a small tail. [demonic ancestry]
   201 | D:1      | Reached XP level 2. HP: 22/22 MP: 5/5
   580 | D:1      | Gained mutation: Your demonic aura sometimes causes spilled
                  | blood to erupt in flames. [demonic ancestry]
   580 | D:1      | Reached XP level 3. HP: 28/28 MP: 6/6
   829 | D:2      | Reached skill level 4 in Slings
   854 | D:2      | Reached XP level 4. HP: 34/34 MP: 7/7
   855 | D:2      | Found a faded altar of an unknown god.
   863 | D:2      | Prayed at the altar of an unknown god.
   863 | D:2      | Became a worshipper of Jiyva Jeykigh the Shapeless
   863 | D:2      | Reached * piety under Jiyva
   865 | D:2      | Found Osiced's Assorted Antiques.
   889 | D:2      | Found Fayxkaff's Assorted Antiques.
  1150 | D:2      | Reached ** piety under Jiyva
  1449 | D:3      | Reached XP level 5. HP: 39/41 MP: 9/9
  1612 | D:3      | You fall into a shaft and drop 3 floors!
  1725 | D:6      | Reached *** piety under Jiyva
  1733 | D:6      | HP: 5/41 [poisoned by a gnoll sergeant]
  1735 | D:6      | Slain by a gnoll

Illustrated notes

Levels and vault maps discovered:
D:1:      nagdon_arrival_double_spiral, layout_rooms, serial_bayou_ford_a,
          minmay_3d_cube
D:2:      layout_basic, dreamdust_ecumenical_altar_grove, serial_shops, shop,
          shop, nrook_campfire
D:3:      minmay_wonky_spiral, layout_basic, kennysheep_orc_sif_temple
D:6:      layout_cave_pods, minmay_temple_entry_fiery, nicolae_fountain_basement

Skill      XL: |  1  2  3  4  5 |
---------------+----------------+-----
Slings         | 4 |  4.3
Summonings     | 3 |  3.5
Fighting       | 3 |  3.1
Spellcasting   | 3 |  3.0

Action                   |  1- 3 |  4- 6 || total
-------------------------+-------+-------++-------
 Fire: Hunting sling     |    87 |    95 ||   182
Evoke: Wand              |       |     1 ||     1
Armor: Robe              |     9 |    11 ||    20
Dodge: Dodged            |    13 |    27 ||    40

Table legend: (Time is in decaauts)
 A = Elapsed time spent in this place.
 B = Non-inter-level travel time spent in this place.
 C = Inter-level travel time spent in this place.
 D = Time resting spent in this place.
 E = Time spent auto-exploring this place.
 F = Levels seen in this place.
 G = Mean time per level.
                   A        B        C        D        E       F      G
               +--------+--------+--------+--------+--------+-----+--------+
         Total |   1830 |   1776 |     54 |      0 |   1236 |   4 |  457.5 |
       Dungeon |   1830 |   1776 |     54 |      0 |   1236 |   4 |  457.5 |
               +--------+--------+--------+--------+--------+-----+--------+

Top non-repeatable levels by time:
     D:1: 850 daAuts
     D:2: 599 daAuts
     D:3: 255 daAuts
     D:6: 125 daAuts
